 Dungeon Crawl Stone Soup version 0.26-a0-249-g7253cd193c (webtiles) character file.

Game seed: 16532463332211620905

21 Esekla the Grave Robber (level 3, -4/26 HPs)
             Began as a Formicid Necromancer on July 8, 2020.
             Slain by an orc
             ... wielding a +0 flail
              (12 damage)
             ... on level 2 of the Dungeon.
             The game lasted 00:09:47 (1151 turns).

Esekla the Grave Robber (Formicid Necromancer)      Turns: 1151, Time: 00:09:48

Health: -4/26      AC:  2    Str: 12    XL:     3   Next: 5%
Magic:  1/7        EV: 12    Int: 15    God:
Gold:   86         SH:  0    Dex: 11    Spells: 4/8 levels left

rFire    + . .     SeeInvis +   h - +0 hand axe (vorpal)
rCold    . . .     Faith    .   (no shield)
rNeg     . . .     Spirit   .   a - +0 robe
rPois    .         Reflect  .   (helmet unavailable)
rElec    .         Harm     .   (no cloak)
rCorr    .                      (no gloves)
MR       .....                  (no boots)
Stlth    +++.......             (no amulet)
HPRegen  0.08/turn              e - ring of protection from fire
MPRegen  0.10/turn              i - ring of stealth

@: very slightly contaminated
A: permanent stasis, dig shafts and tunnels, four strong arms, antennae 3
a: Dig, Shaft Self


You were on level 2 of the Dungeon.
You were not hungry.

You visited 1 branch of the dungeon, and saw 3 of its levels.

You collected 86 gold pieces.

Inventory:

Hand Weapons
 h - a +0 vorpal hand axe (weapon)
 k - a +0 short sword
Missiles
 g - 4 boomerangs (quivered)
Armour
 a - a +0 robe (worn)
 l - a +0 leather armour
Jewellery
 e - a ring of protection from fire (left hand)
 i - a ring of stealth (right hand)
Scrolls
 d - a scroll of enchant weapon {unknown}
 j - a scroll of enchant armour {unknown}
 m - a scroll of immolation {unknown}
 n - a scroll of identify {unknown}
Potions
 b - 2 potions of resistance {unknown}
 f - 2 potions of curing {unknown}
Comestibles
 c - 3 rations


   Skills:
 * Level 1.0 Fighting
 + Level 0.3 Axes
 + Level 1.8 Dodging
 + Level 2.5 Stealth
 * Level 3.0 Spellcasting
 + Level 4.0 Necromancy


You had 4 spell levels left.
You knew the following spells:

 Your Spells              Type           Power        Failure   Level
a - Pain                  Necr           ##..         3%          1
d - Vampiric Draining     Necr           ##........   12%         3

Your spell library contained the following spells:

 Spells                   Type           Power        Failure   Level
 Animate Skeleton         Necr           ##....       3%          1
 Animate Dead             Necr           ##........   36%         4
 Agony                    Necr           ##......     71%         5


Dungeon Overview and Level Annotations

Branches:
Dungeon (3/15)

Altars:


Innate Abilities, Weirdness & Mutations

You cannot be hasted, slowed, berserked, paralysed or teleported.
You can dig through walls and to a lower floor.
Your four strong arms can wield two-handed weapons with a shield.
You have a pair of large antennae on your head. (SInv)


Message History

The kobold hits you but does no damage.
Casting: Pain (safe; 3% risk of failure)
Confirm with . or Enter, or press ? or * to list all spells.
The spell is quite dangerous to cast (12% risk of failure)!
Continue anyway?
Aiming: Vampiric Draining (quite dangerous; 12% risk of failure)
Press: ? - help, Shift-Dir - straight line, f - orc
Aim: an orc, wielding a +0 flail and wearing a +0 leather armour (moderately wounded)
You miscast Vampiric Draining.
You are very lightly contaminated with residual magic.
Nothing appears to happen.
The orc barely misses you. The kobold closely misses you.
Casting: Vampiric Draining (quite dangerous; 12% risk of failure)
Confirm with . or Enter, or press ? or * to list all spells.
The spell is quite dangerous to cast (12% risk of failure)!
Continue anyway?
Aiming: Vampiric Draining (quite dangerous; 12% risk of failure)
Press: ? - help, Shift-Dir - straight line, f - kobold, p - orc
Aim: a kobold You kill the kobold!
You feel life coursing into your body. The orc hits you with a +0 flail!
You die...

####### #.....#
#.....# #.....#
#...... #......
############......
###@................
#.o)†..##########...
#......##########...
#......'............
#......##########.#.
#......# #...
######## ###. #. #.


You could see an orc.

Vanquished Creatures
  3 orcs
  A ball python (D:1)
  2 giant cockroaches
  2 hobgoblins (D:1)
  3 kobolds
  2 bats
  5 frilled lizards
  A rat (D:1)
19 creatures vanquished.

Notes
Turn   | Place    | Note
-------+----------+-------------------------------------------
     0 | D:1      | Esekla the Formicid Necromancer began the quest for the
                  | Orb.
     0 | D:1      | Reached XP level 1. HP: 13/13 MP: 3/3
   169 | D:1      | Reached XP level 2. HP: 16/20 MP: 0/5
   311 | D:1      | Reached skill level 1 in Fighting
  1027 | D:2      | Reached XP level 3. HP: 17/26 MP: 3/7
  1144 | D:2      | Learned a level 3 spell: Vampiric Draining
  1151 | D:2      | Slain by an orc

Illustrated notes

Levels and vault maps discovered:
D:1:      psy_arrival_whirlpool, layout_rooms, minmay_strange_pillars,
          st_stairs_10, serial_bayou_ford_a
D:2:      layout_basic, first_ration, ashenzari_altar_1
D:3:      layout_basic, minmay_quantized, uniq_sigmund

Skill      XL: |  1  2 |
---------------+-------+-----
Fighting       | 1 |  1.0
Spellcasting   | 3 |  3.0
Axes           | |  0.3
Dodging        | |  1.8
Stealth        | |  2.5
Necromancy     | |  4.0

Action                   || total
-------------------------++-------
Melee: Unarmed           ||     1
       Hand axe          ||    12
 Cast: Pain              ||    27
       Vampiric Draining ||     1
 Stab: Sleeping          ||     3
  Eat: Ration            ||     1
Armor: Robe              ||     8
Dodge: Dodged            ||    19

Table legend:
 A = Non-vault XP
 B = Vault XP
 C = Vault XP percentage of total XP
 D = Non-vault monster count
 E = Vault monster count
 F = Vault count percentage of total count
                 A         B        C        D         E       F
            +---------+---------+-------+---------+---------+-------
      Total |      28 |       3 |   9.7 |      17 |       2 |  10.5
            +---------+---------+-------+---------+---------+-------
        D:1 |      13 |       3 |  18.8 |       9 |       2 |  18.2
        D:2 |       9 |       0 |   0.0 |       5 |       0 |   0.0
        D:3 |       6 |       0 |   0.0 |       3 |       0 |   0.0
            +---------+---------+-------+---------+---------+-------
